[Event "*** Titled Tuesday Blitz"]
[Site "Chess.com"]
[Date "2020.02.04"]
[Round "5"]
[White "GMMatamoros"]
[Black "arminmusovic"]
[Result "1-0"]
[WhiteElo "2439"]
[BlackElo "2546"]
[TimeControl "180+2"]
[EndTime "10:07:53 PST"]
[Termination "GMMatamoros won by resignation"]

1. Nf3 Nf6 2. c4 e6 3. g3 a6 4. Bg2 h6 5. O-O d5 6. b3 Be7 7.
Bb2 O-O 8. d4 c5 9. cxd5 exd5 10. Nc3 Nc6 11. Rc1 cxd4 12. Nxd4 Bg4 13. h3 Bh5 14. Nxc6 bxc6 15. Na4 Qd6 16. Bd4 Nd7 17.
Qd2 Bf6 18. e3 Rfe8 19. Rc3 Rac8 20. Rfc1 Nb8 21. Nc5 Bg6 22. b4 Bf5 23. Ra3 Be5 24.
Nxa6 Nxa6 25. Rxa6 Bxd4 26. Qxd4 Be4 27. Qc5 Qd7 28. Rxc6 Bxg2 29. Kxg2 Ra8 30. Rd6 Qb7 31. Qxd5 Qxb4 32. Rc7 Rf8 33. Rxf7 Kh8 34. Rxf8+ Rxf8 35. Rd8 Rxd8 36. Qxd8+ Kh7 37. Qd5 Qa3 38. h4 Kh8 39. e4 Qe7 40. a4 Qa7 41. a5 Kh7 42. h5 g6 43. hxg6+ Kxg6 44. Qc6+ Kg7 45. a6 Qd4 46. Qb7+ Kg6 47. a7 Kg5 48. a8=Q Qf6 49. Qg8+ Kh5 50. Qbf7+ Qxf7 51. Qxf7+ Kg5 1-0

[Event "*** Titled Tuesday Blitz"]
[Site "Chess.com"]
[Date "2020.02.04"]
[Round "5"]
[White "FelixJoseYnojosa"]
[Black "EmmaChess"]
[Result "0-1"]
[WhiteElo "2649"]
[BlackElo "2474"]
[TimeControl "180+2"]
[EndTime "10:07:57 PST"]
[Termination "EmmaChess won by resignation"]

1. e4 b6 2. d4 Bb7 3. Bd3 g6 4. c3 Bg7 5. f4 d6 6. Nf3 e6 7.
O-O Nf6 8. e5 Nd5 9. Qe1 c5 10.
a3 cxd4 11. cxd4 Nc6 12. Nc3 Nxc3 13. bxc3 Rc8 14. d5 exd5 15. exd6+ Kf8 16. f5 Qxd6 17. Ng5 h6 18. Bf4 Qc5+ 19. Be3 Qxc3 20. Qg3 hxg5 21.
fxg6 Ne5 22. Bf5 Rc4 23. gxf7 d4 24. Bxg5 Qxg3 25. hxg3 d3 26. Rac1 Rxc1 27. Bxc1 Nc4 28. Bh3 d2 29. Bxd2 Nxd2 30. Rd1 Bd4+ 31. Kh2 Bc3 32.
Rc1 Be5 33. Rd1 Nc4 34. Rd8+ Kxf7 35. Rd7+ Kf6 36. Rxb7 a5 37. Rd7 Nxa3 38. Rd3 Nc4 39. Rf3+ Ke7 40. Kg1 Bd4+ 41. Kh2 Kd6 42. g4 Be5+ 43.
Kg1 Bd4+ 44. Kh2 b5 45. g5 b4 46. Kg3 a4 47. Bf5 a3 48. Bb1 Nd2 49. Rd3 Nxb1 50. Rxd4+ Kc5 51. Rd7 a2 52. Ra7 b3 53. g6 Nc3 54. g7 Rg8 55. Rc7+ Kb4 56. Rb7+ Nb5 0-1

[Event "*** Titled Tuesday Blitz"]
[Site "Chess.com"]
[Date "2020.02.04"]
[Round "5"]
[White "bhavesh1810"]
[Black "Bulldog167"]
[Result "0-1"]
[WhiteElo "2130"]
[BlackElo "2708"]
[TimeControl "180+2"]
[EndTime "10:07:58 PST"]
[Termination "Bulldog167 won by resignation"]

1. e4 c5 2. Nf3 d6 3. d4 cxd4 4.
Qxd4 Nf6 5. Nc3 Nc6 6. Bb5 Bd7 7. Bxc6 Bxc6 8. Bg5 e6 9. O-O-O Be7 10. Rhe1 Qa5 11. Kb1 O-O 12. Qd2 Qc7 13. Nd4 a6 14. f3 b5 15. Nxc6 Qxc6 16. Ne2 Rfd8 17. Nd4 Qb7 18. h4 Rac8 19. g4 Rc4 20. h5 Rdc8 21.
Rc1 b4 22. Nb3 Qb5 23. Be3 Nd7 24. Nd4 Qb7 25. Red1 R4c7 26. h6 g6 27. Bg5 Bf8 28. Nb3 Ne5 29. Qe2 a5 30. f4 Nc4 31. f5 a4 32. Nd4 e5 33. Nf3 Na3+ 34. Ka1 Rxc2 35. Qd3 b3 36. fxg6 hxg6 37. h7+ Kxh7 38. Rh1+ Kg8 39.
Rcg1 Rxb2 40. Kxb2 Rc2+ 41. Qxc2 bxc2+ 42. Kc1 Nc4 43. Kxc2 Qxe4+ 44. Kc3 d5 45. Nd2 Qd4+ 46. Kc2 Nxd2 47.
Bxd2 Qc4+ 48. Kb1 Bc5 49. Rc1 Qb5+ 50. Kc2 e4 51. Rb1 Qd3+ 52. Kc1 Ba3+ 53. Rb2 Bxb2+ 54.
Kxb2 0-1

[Event "*** Titled Tuesday Blitz"]
[Site "Chess.com"]
[Date "2020.02.04"]
[Round "5"]
[White "DanielNaroditsky"]
[Black "hanzo_hasashi1"]
[Result "1/2-1/2"]
[WhiteElo "3131"]
[BlackElo "2871"]
[TimeControl "180+2"]
[EndTime "10:08:04 PST"]
[Termination "Game drawn by repetition"]

1. Nf3 Nf6 2. g3 d5 3. Bg2 c6 4. O-O Bg4 5. d3 Nbd7 6. c4 dxc4 7. dxc4 e5 8. Nc3 Bc5 9. Qc2 O-O 10. Nh4 Be6 11.
b3 Ne8 12. Nf3 f6 13. Bb2 Be7 14. Rad1 Nd6 15. Ba3 Nf7 16. Bb2 Qc7 17. Nh4 Rfe8 18. Be4 Ng5 19. Bf5 Bf8 20. Bxe6+ Nxe6 21. Ne4 Ndc5 22.
Nf5 Nxe4 23. Qxe4 g6 24. Ne3 Rad8 25. Rxd8 Rxd8 26. Qc2 Bb4 27. Rd1 Nd4 28. Bxd4 Rxd4 29.
Rxd4 exd4 30. Ng2 f5 31. Nf4 Qd6 32. Qd3 Qe5 33. Qf3 Bd6 34. Nd3 Qe4 35. Kf1 Kg7 36.
Ke1 h5 37. h4 Qxf3 38. exf3 f4 39. g4 g5 40. hxg5 h4 41. Kf1 Kg6 42. Kg2 Kxg5 43. Kh3 b6 44. Kg2 Be7 45. Kh3 Bd6 46. Kg2 Be7 47. Kh3 Bd6 1/2-1/2

[Event "*** Titled Tuesday Blitz"]
[Site "Chess.com"]
[Date "2020.02.04"]
[Round "5"]
[White "Quiet_Desperation"]
[Black "Snegokhod"]
[Result "0-1"]
[WhiteElo "2431"]
[BlackElo "2630"]
[TimeControl "180+2"]
[EndTime "10:08:07 PST"]
[Termination "Snegokhod won by resignation"]

1. e4 c5 2. Nf3 d6 3. d4 cxd4 4. Nxd4 Nf6 5. Nc3 a6 6. Bg5 e6 7. f3 Be7 8. Qd2 Qc7 9. O-O-O Nbd7 10. Be3 b5 11. g4 h6 12. Kb1 b4 13. Nce2 d5 14. Ng3 Bb7 15. Bd3 Nc5 16. e5 Nfd7 17. f4 Nxd3 18. cxd3 Bc5 19. Rc1 Qb6 20. Nge2 a5 21.
Rhe1 Ba6 22. Bg1 Rc8 23. Nf3 Bxg1 24. Nexg1 Rxc1+ 25. Rxc1 Nc5 26. Ne1 O-O 27. f5 exf5 28. gxf5 d4 29. f6 Nd7 30. fxg7 Re8 31. Ngf3 Nxe5 32.
Nxe5 Rxe5 33. Qf4 Rg5 34. Nf3 Bxd3+ 35. Ka1 Rf5 36. Qg3 Qg6 37. Qb8+ Kxg7 38. Nh4 Qg5 39. Nxf5+ Bxf5 40. Rd1 d3 41. Qe5+ Qf6 42. Rg1+ Bg6 43. Qe3 a4 44. h4 a3 45. Qd2 Qxh4 46. Qxd3 Qf2 47. Rxg6+ fxg6 48. Qd7+ Qf7 49. Qd4+ Kh7 50. bxa3 bxa3 51. Kb1 h5 52. Qb4 0-1

[Event "*** Titled Tuesday Blitz"]
[Site "Chess.com"]
[Date "2020.02.04"]
[Round "5"]
[White "Zq1"]
[Black "MasterKroket"]
[Result "1-0"]
[WhiteElo "2547"]
[BlackElo "2408"]
[TimeControl "180+2"]
[EndTime "10:08:09 PST"]
[Termination "Zq1 won by resignation"]

1. d4 Nf6 2. c4 e6 3. Nc3 Bb4 4. a3 Bxc3+ 5. bxc3 O-O 6. f3 c5 7.
e4 d6 8. Bg5 e5 9. d5 Qa5 10. Qd2 Nbd7 11. Bd3 Qa4 12. Ne2 b5 13.
cxb5 c4 14. Bc2 Qxb5 15. O-O h6 16. Be3 Nc5 17. Rab1 Qa5 18. Ng3 Kh7 19. a4 Bd7 20. f4 Ng4 21. fxe5 Nxe5 22. Bd4 f6 23. h4 Rab8 24. h5 Bg4 25. Qe3 Ncd3 26. Bxd3 cxd3 27. Bxe5 fxe5 28. Rxb8 Rxb8 29. Qxd3 Qxa4 30. Nf5 Bxf5 31. exf5 e4 32. Qg3 Qe8 33. Qg6+ Kg8 34. Qxd6 Rb6 35. Qf4 Qxh5 36. Qxe4 Rb2 37. f6 gxf6 38. Qe6+ Kh7 39. Qe7+ Kg8 40. Qe6+ Kh7 41. Qxf6 Rb7 42. Qf5+ Qg6 43.
Qxg6+ Kxg6 44. c4 Rc7 45. Rc1 Kf5 46. Kf2 Ke4 47. d6 Rf7+ 48. Ke2 Ke5 49. c5 Ke6 50. Kd3 Kd7 51. Kd4 Rf8 52. Ra1 Rf4+ 53. Ke5 Rg4 54. Rxa7+ Kd8 55. c6 Rg5+ 56. Kf6 1-0

[Event "*** Titled Tuesday Blitz"]
[Site "Chess.com"]
[Date "2020.02.04"]
[Round "5"]
[White "HouseOfDurin"]
[Black "Chigorinetz"]
[Result "0-1"]
[WhiteElo "2071"]
[BlackElo "2564"]
[TimeControl "180+2"]
[EndTime "10:08:10 PST"]
[Termination "Chigorinetz won by resignation"]

1. d4 d5 2. Bg5 Bg4 3. f3 Bh5 4. e3 c5 5. Bb5+ Nc6 6. Ne2 Qb6 7. Nbc3 e6 8. Bxc6+ bxc6 9. Na4 Qa5+ 10. c3 Nf6 11.
Bxf6 gxf6 12. dxc5 e5 13. b4 Qb5 14. Nb2 Bh6 15. Kf2 a5 16. a4 Qb8 17. b5 cxb5 18. Qxd5 O-O 19. Ng3 Bg6 20. e4 Rd8 21. Qa2 Rd2+ 22.
Ne2 bxa4 23. Rhb1 f5 24. Qa3 fxe4 25. Nc4 Qd8 26. Nxd2 e3+ 27. Kf1 exd2 28. Rd1 Qd3 29. Ra2 Qc4 30. Qxa4 Qxc5 31. Raxd2 Bxd2 32. Rxd2 Bf5 33.
g4 Be6 34. Qe4 Rb8 35. Kg2 Qc4 36. Qxe5 Ra8 37. Qd4 a4 38. Qxc4 Bxc4 39. Nc1 a3 40. Rd4 Be6 41. c4 a2 42. Nxa2 Rxa2+ 43. Kg3 Rc2 44.
Rd8+ Kg7 45. h4 Rxc4 46. Rd3 Rb4 47. h5 Rb3 48. Rd4 h6 49. Rf4 Bd5 50. Rf5 Bb7 51. g5 hxg5 52. Rxg5+ Kf6 53. Rg8 Bxf3 54. Kh4 Rb4+ 55.
Kh3 Bxh5 56. Kg3 Bg6 57. Ra8 Kg5 58. Ra5+ f5 59. Kf2 Rb2+ 60. Kf3 Rb3+ 61. Kf2 Kg4 62. Ra8 Rb2+ 63. Ke1 f4 64. Rg8 Kf5 65. Rf8+ Ke4 66. Ra8 Ke3 67. Ra3+ Bd3 68. Rc3 Rb1+ 0-1

[Event "*** Titled Tuesday Blitz"]
[Site "Chess.com"]
[Date "2020.02.04"]
[Round "5"]
[White "Volodar_Murzin"]
[Black "W_Amadeus"]
[Result "1-0"]
[WhiteElo "2593"]
[BlackElo "2727"]
[TimeControl "180+2"]
[EndTime "10:08:12 PST"]
[Termination "Volodar_Murzin won by resignation"]

1. d4 Nf6 2. Nf3 d5 3. Bf4 c5 4. e3 Nc6 5. Nbd2 Qb6 6. dxc5 Qxb2 7. Rb1 Qc3 8. Bb5 e6 9. O-O Be7 10. Nb3 O-O 11. Bxc6 bxc6 12. Qd4 Ne4 13. Be5 Qxd4 14. exd4 a5 15. Rfe1 f6 16. Bc7 Bd8 17. Bxd8 Rxd8 18.
Nbd2 e5 19. dxe5 Nxc5 20. Nd4 Bd7 21. e6 Be8 22. Rb6 Na4 23. Rb7 Nc5 24. Rc7 Na6 25. Re7 Kf8 26. Nf5 Bg6 27. Rb7 Rdb8 28. e7+ Kg8 29.
Rxb8+ Rxb8 30. Nd6 Nc7 31. Nb3 Ne8 32. Nxe8 Bxe8 33.
Nxa5 Kf7 34. c4 Rb6 35. c5 Rb5 36. Nb3 Rb7 37. Nd4 Rxe7 38. Rxe7+ Kxe7 39. Kf1 Kd7 40. Ke2 Bg6 41. Kd2 Bf7 42. Kc3 Kc7 43. Kb4 Kb7 44. Nf5 Bg6 45. Nxg7 Kc7 46. Ne6+ Kd7 47. Nd4 Kc7 48. Ne6+ Kd7 49. Nf8+ Kc7 50. Nxg6 hxg6 51. h4 f5 52. g3 1-0

[Event "*** Titled Tuesday Blitz"]
[Site "Chess.com"]
[Date "2020.02.04"]
[Round "5"]
[White "LLRChess"]
[Black "ChessLover0108"]
[Result "0-1"]
[WhiteElo "2494"]
[BlackElo "2739"]
[TimeControl "180+2"]
[EndTime "10:08:16 PST"]
[Termination "ChessLover0108 won by resignation"]

1. e4 c5 2. Nf3 d6 3. d4 cxd4 4. Qxd4 a6 5. h3 Nc6 6. Qe3 g6 7. c4 Bh6 8. Qc3 Qa5 9. Bxh6 Qxc3+ 10. Nxc3 Nxh6 11. Nd5 Rb8 12. Bd3 f6 13. O-O Nf7 14. b4 Nfe5 15. Be2 Kf7 16. Rfd1 Be6 17. Rab1 Rhc8 18.
Nb6 Rc7 19. Ne1 g5 20. a4 a5 21. b5 Nb4 22. Nd5 Bxd5 23. cxd5 Rbc8 24. g3 Rc3 25. Kg2 Kg7 26. Bg4 R8c4 27. Bf5 b6 28. Rd2 Nbd3 29.
Nxd3 Rxd3 30. Rxd3 Nxd3 31. h4 Rxa4 32. hxg5 fxg5 33. Rb3 Nc5 34. Re3 Rd4 35. e5 Rxd5 36. exd6 exd6 37. g4 Re5 38. Rh3 h6 39. Kf3 a4 40.
Rh1 Nb3 41. Rd1 a3 42. Bb1 Rxb5 43. Ba2 d5 44. Ke3 Kf6 45. Kd3 Ke5 46. Kc3 Na5 47. Re1+ Kf4 48. Re6 Nc4 49. Rxh6 Rb2 50. Bxc4 dxc4 51.
Rh1 b5 52. Ra1 b4+ 53. Kxc4 a2 0-1

[Event "*** Titled Tuesday Blitz"]
[Site "Chess.com"]
[Date "2020.02.04"]
[Round "5"]
[White "Leonid_Starozhilov"]
[Black "GMSrinath"]
[Result "0-1"]
[WhiteElo "2701"]
[BlackElo "2978"]
[TimeControl "180+2"]
[EndTime "10:08:33 PST"]
[Termination "GMSrinath won by resignation"]

1. e4 c5 2. Nf3 d6 3. Bb5+ Nd7 4. O-O a6 5. Bxd7+ Bxd7 6. c3 Nf6 7. Re1 g6 8. d4 cxd4 9. cxd4 Bg7 10. h3 O-O 11. Nc3 Rc8 12. Bg5 b5 13. e5 dxe5 14.
dxe5 b4 15. exf6 exf6 16. Bd2 bxc3 17. Bxc3 Be6 18. a3 Qb6 19. Qd4 Qb5 20. Rad1 Rc4 21. Qd6 Qh5 22. Rd4 Rcc8 23. Red1 Rfe8 24. Qxa6 Qc5 25. Qa5 Qc6 26. Qa4 Qxa4 27. Rxa4 Bb3 28. Rdd4 f5 29. Rab4 Bxd4 30. Rxd4 Red8 31. Rxd8+ Rxd8 32. Nd4 Bd1 33. f3 Re8 34. Kf2 f6 35. h4 Kf7 36. h5 f4 37. hxg6+ hxg6 38. g3 fxg3+ 39. Kxg3 g5 40. Kf2 Kg6 41. Kg3 f5 42. Kf2 f4 43.
Bb4 Re3 44. Bc3 Rd3 45. Nc6 Rxf3+ 46. Ke1 Re3+ 47. Kxd1 g4 48. Ne5+ Kf5 49. Kd2 g3 50. Nc4 Re6 51. Kd3 f3 52. Bd4 f2 53. Nd2 Rd6 54.
Ke2 Rxd4 0-1

[Event "*** Titled Tuesday Blitz"]
[Site "Chess.com"]
[Date "2020.02.04"]
[Round "5"]
[White "Lubov_Gordyk"]
[Black "rasmussvane"]
[Result "0-1"]
[WhiteElo "2627"]
[BlackElo "2844"]
[TimeControl "180+2"]
[EndTime "10:08:42 PST"]
[Termination "rasmussvane won by resignation"]

1. e4 c6 2. d3 d5 3. Nf3 Bg4 4. Be2 e6 5. O-O Nd7 6. Nbd2 Bd6 7. h3 Bh5 8. b3 Ngf6 9. Bb2 Qc7 10. Re1 O-O 11.
exd5 exd5 12. Bf1 Rfe8 13. Rxe8+ Rxe8 14. Be2 Bf4 15. Nf1 Qd6 16. Nd4 Bg6 17. Bf3 Be5 18. Qc1 c5 19. Nb5 Qb6 20. Nc3 Qe6 21. Qd2 Bf5 22. Rd1 a6 23. Qc1 Qd6 24. Re1 d4 25. Nb1 b5 26. Qd1 Re6 27. Nbd2 h6 28. Bc1 Nd5 29.
Nb1 N7f6 30. Bxd5 Nxd5 31. Bd2 Bg6 32. Kh1 Qc6 33. Kg1 Bf5 34. Qf3 Bg6 35. Qd1 Qd7 36.
Qf3 Qd6 37. Bc1 Kh7 38. Kh1 Qd7 39. Nbd2 Nb4 40. Ne4 Qc6 41. Qd1 Nxa2 42. Bd2 Nc3 43. Bxc3 dxc3 44. Qf3 Bd4 45. Nfg3 Kh8 46. Nf5 Qd5 47.
g4 a5 48. Ra1 Ra6 49. h4 a4 50. bxa4 Rxa4 51. Rb1 b4 52. h5 Bxf5 53. gxf5 Ra6 54.
Rg1 b3 55. Qg2 b2 56. f6 Qxh5+ 57. Qh2 Qxh2+ 58. Kxh2 Bxf6 59. Rb1 Ra1 60. Rxb2 cxb2 0-1

[Event "*** Titled Tuesday Blitz"]
[Site "Chess.com"]
[Date "2020.02.04"]
[Round "5"]
[White "Shield12"]
[Black "Aygehovit1992"]
[Result "1-0"]
[WhiteElo "2889"]
[BlackElo "2644"]
[TimeControl "180+2"]
[EndTime "10:08:44 PST"]
[Termination "Shield12 won by resignation"]

1. e4 c5 2. Nf3 d6 3. Nc3 e5 4.
Bc4 Be7 5. d3 Nc6 6. a3 h6 7. b4 cxb4 8. axb4 Nxb4 9. Ba3 Nc6 10. Nd5 Nf6 11. O-O O-O 12. Nd2 Nxd5 13. Bxd5 Be6 14.
Bxe6 fxe6 15. Rb1 d5 16. Bb2 Rc8 17. Qg4 Qd7 18. exd5 Qxd5 19. Ne4 Rf4 20. Qg3 Rcf8 21. Bc1 Nd4 22. Qe3 b6 23. c3 Nc6 24. Qe2 R4f7 25. Be3 Qd7 26. Rfd1 Qc7 27. Qg4 Qc8 28. Bxh6 Qd7 29.
Be3 Bd8 30. g3 Rf5 31. h4 Qf7 32. Kg2 Qh5 33. Qxh5 Rxh5 34. Bg5 Bxg5 35. Nxg5 Rh6 36. Ra1 Rhf6 37. Rd2 Rd8 38. Ra4 Rd7 39. Rc4 Ne7 40.
Re4 Nc6 41. Rc4 Ne7 42. Nf3 Rf5 43. g4 Rf4 44. Nxe5 Rxc4 45. Nxc4 Nd5 46. Ne5 Rc7 47. c4 Ne7 48. Ra2 Kf8 49. f4 Ke8 50. Kf3 Rb7 51. Ke3 Rc7 52. h5 Kf8 53. Ke4 Kg8 54. d4 Kh7 55. g5 Rb7 56. d5 exd5+ 57. cxd5 Nc8 58. Kf5 Re7 59. g6+ Kg8 60. Rc2 Nd6+ 61. Kg4 Rd7 62.
Nxd7 1-0

[Event "*** Titled Tuesday Blitz"]
[Site "Chess.com"]
[Date "2020.02.04"]
[Round "5"]
[White "Anton_Demchenko"]
[Black "vlad_Sid"]
[Result "1-0"]
[WhiteElo "2958"]
[BlackElo "2695"]
[TimeControl "180+2"]
[EndTime "10:08:46 PST"]
[Termination "Anton_Demchenko won by resignation"]

1. e4 c6 2. Nf3 d5 3. d3 Qc7 4.
Nc3 dxe4 5. Nxe4 Nf6 6. Nxf6+ exf6 7. g3 Bd6 8. Bg2 O-O 9. O-O Nd7 10. Re1 Nc5 11.
d4 Ne6 12. c3 Bd7 13. Nd2 Rfe8 14. a4 Ng5 15. Nc4 Rxe1+ 16. Qxe1 Re8 17. Qf1 Bg4 18.
Nxd6 Qxd6 19. Bf4 Qd7 20. Bxg5 fxg5 21. Re1 Be6 22. Qe2 g4 23. b4 f6 24. Qd2 Kf7 25. Re3 Bd5 26. Bf1 Bf3 27. Bc4+ Bd5 28. Bd3 Rxe3 29. fxe3 g6 30. e4 Bb3 31. a5 Qe6 32.
Qh6 Kg8 33. Qf4 Bc4 34. Bb1 Kg7 35. Qc7+ Qf7 36. Qb8 a6 37. Kf2 h5 38. Ke3 Qe7 39.
Kd2 f5 40. Qf4 fxe4 41. Bxe4 Bf7 42. Ke3 Kh7 43. Qe5 Qd7 44. Qxh5+ Kg7 45. Qe5+ Kh7 46. Kf4 Be8 47. Kg5 Bf7 48. Kf6 Kg8 49. Qe7 Qxe7+ 50. Kxe7 Kg7 51. Kd6 Kf6 52. Kc7 g5 53. Kxb7 Bc4 54.
Kxc6 Ke7 55. Kc5 Be2 56. d5 Kd7 57. Bf5+ Kd8 1-0

[Event "*** Titled Tuesday Blitz"]
[Site "Chess.com"]
[Date "2020.02.04"]
[Round "5"]
[White "victormago"]
[Black "Mikhail_Golubev"]
[Result "1/2-1/2"]
[WhiteElo "2421"]
[BlackElo "2544"]
[TimeControl "180+2"]
[EndTime "10:08:47 PST"]
[Termination "Game drawn by repetition"]

1. d4 Nf6 2. c4 g6 3. Nc3 Bg7 4. e4 d6 5. Be2 O-O 6. Bg5 c5 7. d5 h6 8. Be3 e6 9. h3 exd5 10.
exd5 Re8 11. Qd2 Bf5 12. Nf3 Ne4 13. Nxe4 Bxe4 14. Rc1 Bxf3 15. Bxf3 Bd4 16. O-O Bxe3 17. fxe3 Nd7 18. e4 Kg7 19. Rfe1 Ne5 20. Be2 h5 21. Bf1 Qf6 22. Rc3 b6 23. Qf2 Qxf2+ 24. Kxf2 Kf6 25. a3 a5 26. a4 Ke7 27. b3 g5 28. g3 Rg8 29. Be2 Rh8 30. Kg2 Rag8 31. Rf1 Rg6 32. Rf5 f6 33. Rc1 h4 34. g4 Rg7 35. Rc3 Rf7 36.
Re3 Re8 37. Bd1 Kf8 38. Bc2 Kg7 39. Kf2 Ng6 40. Kf3 Re5 41. Kf2 Rfe7 42. Ref3 Rxf5 43.
Rxf5 Re5 44. Rf3 Kf7 45. Ke3 Ke7 46. Bd3 Kf7 47. Bc2 Kg7 48. Bd3 Ne7 49. Bc2 Kg6 50. Bd3 f5 51. gxf5+ Kf6 52. Rf2 Ng8 53. Be2 Nh6 54. Bg4 Nxg4+ 55. hxg4 Re7 56. Kd3 Rf7 57.
Ke3 Ke5 58. Kf3 Rf6 59. Re2 Rh6 60. Kg2 h3+ 61. Kg3 Rh4 62. Rh2 Kf6 63. Rxh3 Rxh3+ 64. Kxh3 Ke5 65. Kg3 Kf6 66. Kf3 Ke5 67. Ke3 Kf6 68. Kd3 Ke5 69. Ke3 Kf6 70. Kf3 Ke5 71. Ke3 1/2-1/2

[Event "*** Titled Tuesday Blitz"]
[Site "Chess.com"]
[Date "2020.02.04"]
[Round "5"]
[White "Sjakkerntobi"]
[Black "IAgrest"]
[Result "0-1"]
[WhiteElo "2267"]
[BlackElo "2213"]
[TimeControl "180+2"]
[EndTime "10:08:52 PST"]
[Termination "IAgrest won by resignation"]

1. e4 e5 2. Nf3 Nc6 3. Bb5 a6 4. Ba4 Nf6 5. O-O Bc5 6. c3 b5 7.
Bb3 d6 8. h3 O-O 9. a4 Bb7 10.
Re1 h6 11. d4 Bb6 12. Na3 Re8 13. d5 Ne7 14. Nc2 c6 15. axb5 axb5 16. Rxa8 Bxa8 17. dxc6 Bxc6 18. Qd3 Ng6 19. Nb4 Bb7 20. Nd5 Bc5 21.
Nxf6+ Qxf6 22. Qxb5 Re7 23. Be3 Bxe3 24. Rxe3 Nf4 25.
Kh2 Bc8 26. Qb8 Re8 27. Qb5 Rf8 28. h4 Bg4 29. Qf1 Bxf3 30. Rxf3 Qxh4+ 31. Kg1 Qg5 32. Rg3 Qf6 33. Rf3 Qg6 34. g3 Qxe4 35. Re3 Qg6 36. Bd1 Rb8 37. b4 Ne6 38. Bb3 Ng5 39. Bd1 e4 40. Qg2 d5 41. Bb3 Rd8 42. g4 Qf6 43. Qg3 Kh8 44. Kg2 Qe7 45. Qf4 Ne6 46. Qf5 g6 47.
Qe5+ f6 48. Qh2 Kg7 49. Rh3 Rh8 50. Bxd5 g5 51. Re3 Nf4+ 52. Kf1 Nxd5 53. Re1 Nxc3 54.
Rc1 Nd5 55. Rc5 Rd8 56. Qg3 e3 57. fxe3 Nxe3+ 58. Kg1 Rd1+ 59. Kf2 Rd2+ 60. Ke1 Nc4+ 61. Kf1 Qe2+ 62. Kg1 Rd1+ 63. Qe1 0-1

[Event "*** Titled Tuesday Blitz"]
[Site "Chess.com"]
[Date "2020.02.04"]
[Round "5"]
[White "dangerousattack1st"]
[Black "karinachess1"]
[Result "1-0"]
[WhiteElo "2809"]
[BlackElo "2508"]
[TimeControl "180+2"]
[EndTime "10:08:58 PST"]
[Termination "dangerousattack1st won on time"]

1. e4 c5 2. Nf3 Nc6 3. d4 cxd4 4. Nxd4 Qb6 5. Nb3 Nf6 6. Be3 Qc7 7. Nc3 e6 8. a3 a6 9. g3 b5 10. Bg2 Bb7 11. O-O d6 12. Qd2 Be7 13. f4 Ng4 14.
Ne2 O-O 15. Rac1 Nxe3 16. Qxe3 Bf6 17. c3 Rad8 18. Rfd1 Rfe8 19. Rd2 h6 20. Rcd1 e5 21. f5 Bg5 22. Qf2 Bxd2 23. Rxd2 f6 24. Nbc1 Na5 25. Nd3 Nc4 26. Rd1 Qb6 27. Qxb6 Nxb6 28. Nb4 a5 29. Nd5 Bxd5 30. exd5 Na4 31. Rd2 Rc8 32.
Be4 Nc5 33. Bc2 Rb8 34. Kf2 Rec8 35. Ke3 b4 36. Bd1 bxa3 37. bxa3 Rb1 38. c4 Ra1 39.
Nc3 Rxa3 40. Rc2 Na4 41. Kd3 Nb2+ 42. Rxb2 e4+ 43. Kd4 e3 44. Be2 Ra1 45. Ne4 a4 46.
Nxd6 Ra8 47. c5 a3 48. Rc2 a2 49. Rxa2 R1xa2 50. Kxe3 R8a3+ 51. Bd3 Rc2 52. Ne4 Kf7 53. c6 Ke7 54. Kd4 Ra4+ 55. Ke3 Ra3 56. d6+ Kd8 57. c7+ Kd7 58. Kd4 Rxd3+ 59. Kxd3 Rxh2 60. Nc5+ Kc8 61. Na4 1-0

[Event "*** Titled Tuesday Blitz"]
[Site "Chess.com"]
[Date "2020.02.04"]
[Round "5"]
[White "Yoshkinkot"]
[Black "MusicCityMaster"]
[Result "1/2-1/2"]
[WhiteElo "2572"]
[BlackElo "2429"]
[TimeControl "180+2"]
[EndTime "10:09:00 PST"]
[Termination "Game drawn by repetition"]

1. e4 e6 2. d4 d5 3. Nd2 Nf6 4. e5 Nfd7 5. Bd3 c5 6. c3 Nc6 7. Ndf3 cxd4 8. cxd4 f6 9. exf6 Nxf6 10. Ne2 Qc7 11.
O-O Bd6 12. Nc3 a6 13. Bg5 O-O 14. Re1 h6 15. Bh4 Nh5 16. Bg3 Nf4 17. Bb1 g5 18. Bxf4 Rxf4 19. Qd3 Qg7 20. Ne2 Rf8 21. Ng3 Nb4 22.
Qd2 Rxf3 23. gxf3 Nc6 24. Qd3 Bd7 25. Bc2 Rf8 26. Rad1 Nb4 27. Qb3 Nxc2 28. Qxc2 Rxf3 29. Rd3 Qg6 30. Ree3 Rf4 31. Qd1 Bb5 32. Rc3 Bc6 33.
Rcd3 g4 34. Qe1 Bd7 35. Ne2 Rf8 36. Ng3 h5 37. Nf1 h4 38. Rc3 Bb4 39. a3 Bxc3 40.
Rxc3 Qf5 41. Re3 h3 42. Ng3 Qf4 43. Rc3 Bc6 44. Qe3 Qf6 45. Rc1 Rf7 46. Re1 Bd7 47. Nh5 Qh4 48. Ng3 Qf6 49. Nh5 Qf5 50. Ng3 Qg6 51. Qe5 Qc2 52. Qg5+ Kf8 53. Qd8+ Be8 54.
Qd6+ Kg8 55. Rf1 Qd3 56. Qxe6 Qf3 57. Qxe8+ Kg7 58. Qe5+ Kg8 59. Qg5+ Kf8 60. Qd8+ Kg7 61. Qg5+ Kf8 62. Qd8+ Kg7 63. Qg5+ Kh7 64. Qh5+ Kg7 65. Qg5+ 1/2-1/2

[Event "*** Titled Tuesday Blitz"]
[Site "Chess.com"]
[Date "2020.02.04"]
[Round "5"]
[White "Blitzstream"]
[Black "isla88"]
[Result "1/2-1/2"]
[WhiteElo "2778"]
[BlackElo "2330"]
[TimeControl "180+2"]
[EndTime "10:09:12 PST"]
[Termination "Game drawn - insufficient material"]

1. g4 c5 2. Bg2 Nc6 3. b3 d5 4.
g5 e5 5. h4 Nge7 6. Bb2 h6 7.
c4 Be6 8. d3 hxg5 9. hxg5 Rxh1 10. Bxh1 Ng6 11. Nf3 d4 12. Nbd2 Be7 13. Ne4 f5 14.
gxf6 gxf6 15. Qd2 Nf4 16. O-O-O Qa5 17. Qxa5 Nxa5 18. Kd2 O-O-O 19. Rg1 Rg8 20. Rxg8+ Bxg8 21. Nh4 Bh7 22. Ng3 Kd7 23. Bc1 Ke6 24. Be4 Bxe4 25.
dxe4 Nc6 26. a3 Bd8 27. Nhf5 Ba5+ 28. Kc2 Nh3 29. Nh1 Be1 30. f3 a6 31. Kd1 Ba5 32.
Bh6 b5 33. Bf8 Bb6 34. Nhg3 bxc4 35. bxc4 Na5 36. Nd6 Bc7 37. Ne8 Bb8 38. Bxc5 Nxc4 39. Nf5 Kd7 40. Nxf6+ Kc6 41. Bb4 a5 42. Bf8 Nf2+ 43. Ke1 d3 44. exd3 Nxd3+ 45. Ke2 Nf4+ 46. Kf2 Nd3+ 47. Kg3 Nc5 48. Ne7+ Kb5 49. Ng6 Ka4 50. Ng4 Nd3 51. Ne7 Bd6 52. Nf6 Nxa3 53. Ne8 Bb4 54. Nc7 Nb5 55. Ncd5 Bd6 56. Nb6+ Kb3 57. Nbc8 Bxe7 58. Bxe7 a4 59. Kg4 a3 60. Bxa3 Nxa3 61. Ne7 Nc4 62. Ng6 Kc3 63. Kf5 Kd4 64. Nxe5 Ncxe5 65. f4 Nc6 66. e5 Kd5 67. e6 Nc5 68. Kf6 Nxe6 69. f5 Ned4 70. Kg5 Ke5 71. f6 Ne6+ 72.
Kg4 Ncd4 73. f7 Nf8 74. Kg5 Nde6+ 75. Kg4 Ke4 76. Kg3 Ng7 77. Kg4 Nf5 78. Kg5 Ke5 79. Kg4 Ke4 80. Kg5 Nd6 81. Kf6 Kd5 82. Ke7 Ng6+ 83.
Kd7 Nxf7 1/2-1/2

[Event "*** Titled Tuesday Blitz"]
[Site "Chess.com"]
[Date "2020.02.04"]
[Round "5"]
[White "DishonorOnYourCow"]
[Black "gurelediz"]
[Result "1/2-1/2"]
[WhiteElo "2211"]
[BlackElo "2501"]
[TimeControl "180+2"]
[EndTime "10:09:12 PST"]
[Termination "Game drawn by repetition"]

1. d4 Nf6 2. c4 e6 3. Nf3 b6 4.
g3 Bb7 5. Bg2 Be7 6. O-O O-O 7.
Nc3 c5 8. Re1 cxd4 9. Nxd4 Bxg2 10. Kxg2 Nc6 11. Nxc6 dxc6 12. Qxd8 Raxd8 13. Bf4 Nd7 14.
Rad1 e5 15. Be3 Bc5 16. Bxc5 Nxc5 17. b4 Ne6 18. e3 Rxd1 19. Rxd1 Rd8 20. Rxd8+ Nxd8 21. g4 Kf8 22. Kf3 Ke7 23. Ke4 f6 24. f4 Nf7 25. c5 b5 26. a4 a6 27. axb5 axb5 28. Ne2 Ke6 29. Nc1 h5 30. h3 hxg4 31. hxg4 g6 32. f5+ gxf5+ 33. gxf5+ Ke7 34. Kf3 Ng5+ 35.
Kg4 Ne4 36. Nd3 Nd2 37. Kh5 Kf7 38. Kg4 e4 39. Nf2 Nc4 40. Kf4 Na3 41. Kxe4 Nc2 42. Nd3 Ke7 43. Kf4 Na3 44. e4 Nc2 45. e5 Kf7 46. e6+ Ke7 47. Kg4 Ne3+ 48. Kf4 Nc2 49. Ke4 Na3 50. Ne1 Nb1 51. Nc2 Nc3+ 52. Kf4 Ne2+ 53.
Kf3 Nc3 54. Nd4 Nd5 55. Nxc6+ Ke8 56. Ke4 Nc3+ 57. Kd3 Nd5 58. Kd4 Nc7 59. Na7 Ke7 60. Ke4 Ke8 61. Nc6 Kf8 62. Nd4 Ke8 63. c6 Ke7 64.
Nb3 Kd6 65. Nd4 Ke7 66. Kf4 Nd5+ 67. Ke4 Nc7 1/2-1/2